 Dungeon Crawl Stone Soup version 0.31-a0-986-g5e6e4ef867 (webtiles) character file.

Game seed: 5008588441258473671

4293 wildpjah the Slasher (level 10, -1/76 HPs)
             Began as a Demonspawn Gladiator on Nov 24, 2023.
             Was a Priest of Okawaru.
             Slain by a komodo dragon (8 damage)
             ... while petrified by a basilisk
             ... on level 8 of the Dungeon.
             The game lasted 00:16:10 (6905 turns).

wildpjah the Slasher (Demonspawn Gladiator)         Turns: 6905, Time: 00:16:10

Health: -1/76      AC:  8    Str: 15    XL:     10   Next: 11%
Magic:  10/10      EV:  2    Int:  9    God:    Okawaru [***...]
Gold:   293        SH:  0    Dex: 19    Spells: 9/9 levels left

rFire   . . .        A - -1 double sword
rCold   . . .        (no shield)
rNeg    + + +        f - +0 troll leather armour
rPois   ∞            c - +0 helmet
rElec   .            (no cloak)
rCorr   .            w - +0 pair of gloves
SInv    .            (no boots)
Will    .....        (no amulet)
Stlth   +++          k - ring of positive energy
HPRegen 1.12/turn    (no ring)
MPRegen 0.12/turn

%: no passive effects
@: petrified
A: yellow scales 1, ignite blood 2, demonic magic 2, demonic touch 2
a: Renounce Religion, Heroism


You were on level 8 of the Dungeon.
You worshipped Okawaru.
Okawaru was most pleased with you.
You visited 2 branches of the dungeon, and saw 9 of its levels.

You collected 413 gold pieces.
You spent 120 gold pieces at shops.

Inventory:

Hand Weapons
 a - a +0 long sword
 n - a +2 short sword of venom
 r - a +0 whip of flaming
 A - a -1 double sword (weapon)
Missiles
 d - 2 throwing nets (quivered)
Armour
 b - a +0 leather armour
 c - a +0 helmet (worn)
 f - a +0 troll leather armour (worn)
 i - an orb of wrath
 w - a +0 pair of gloves (worn)
 D - a +0 cloak
Jewellery
 k - a ring of positive energy (left hand)
Wands
 e - a wand of iceblast (16)
 s - a wand of mindburst (7)
 v - a wand of flame (13)
 C - a wand of polymorph (18)
Scrolls
 g - 2 scrolls of torment
 j - 2 scrolls of teleportation
 l - a scroll of revelation
 u - a scroll of blinking
 x - 3 scrolls of immolation
 y - a scroll of identify
 B - a scroll of enchant weapon {unknown}
 E - a scroll of amnesia
Potions
 h - 5 potions of lignification
 m - a potion of cancellation {unknown}
 o - a potion of haste {unknown}
 p - a potion of ambrosia {unknown}
 q - 6 potions of curing {unknown}
 t - a potion of brilliance {unknown}
 z - a potion of heal wounds {unknown}


   Skills:
 + Level 6.0 Fighting
 + Level 6.0(7.3) Short Blades
 + Level 6.4(7.6) Long Blades
 + Level 2.0 Throwing
 + Level 4.7 Armour
 + Level 6.2 Dodging
 + Level 5.2 Stealth


You had 9 spell levels left.
You didn't know any spells.
Your spell library contained the following spells:

 Spells                   Type           Power      Damage    Failure   Level
 Necrotise                Necr           0%         1d4       43%         1
 Ozocubu's Armour         Ice            0%         N/A       82%         3
 Vampiric Draining        Necr           0%         2d6       82%         3
 Agony                    Necr           0%         N/A       100%        5
 Ozocubu's Refrigeration  Ice            0%         4d7       100%        7


Dungeon Overview and Level Annotations

Branches:
Dungeon (8/15)             Temple (1/1) D:4            Lair (0/5) D:8

Altars:
Ashenzari
Cheibriados
Dithmenos
Fedhas
Gozag
Hepliaklqana
Kikubaaqudgha
Makhleb
Nemelex Xobeh
Okawaru
Qazlal
Ru
Sif Muna
Trog
Vehumet
Wu Jian
Xom

Shops:
D:5 *

Annotations:
D:7 3 runed translucent doors, wally255's ghost, novice MiFi


Innate Abilities, Weirdness & Mutations

You are partially covered in yellow scales. (AC +2)
Your demonic aura often causes spilled blood to erupt in flames.
Spells you cast may paralyse nearby enemies.
Your touch may inflict irresistible damage on your foes.


Message History

The komodo dragon is lightly wounded.
The komodo dragon bites you! The basilisk barely misses you.
The komodo dragon closely misses you.
You closely miss the basilisk. The basilisk bites you!
The komodo dragon closely misses you.
You hit the basilisk.
The basilisk is lightly wounded.
The plant is engulfed in blazing flames.
The plant begins to die.
The basilisk closely misses you. The komodo dragon bites you.
You closely miss the basilisk.
The basilisk is lightly wounded.
The plant is engulfed in blazing flames.
The basilisk closely misses you. The komodo dragon closely misses you.
You closely miss the basilisk.
You touch the basilisk.
The basilisk is moderately wounded.
The plant is engulfed in blazing flames.
The basilisk closely misses you. The komodo dragon barely misses you.
You slash the basilisk!
The basilisk is severely wounded.
The plant is engulfed in blazing flames.
A nearby plant withers and dies.
The basilisk misses you. The komodo dragon barely misses you.
The basilisk closely misses you.
You hit the basilisk but do no damage.
The basilisk is severely wounded.
The komodo dragon misses you. The basilisk gazes at you.
You are slowing down.
You hit the basilisk.
You touch the basilisk!
You kill the basilisk!
Okawaru accepts your kill.
The komodo dragon bites you but does no damage.
The komodo dragon bites you.
Your limbs are stiffening.
The komodo dragon bites you. The komodo dragon bites you!!
* * * LOW HITPOINT WARNING * * *
You have turned to stone.
The komodo dragon bites you!
* * * LOW HITPOINT WARNING * * *
The komodo dragon bites you!
You die...

##..#
##...####
#.......+
##...####
###...#
###.....###
##..P......##
#PPPPP......#
#PPP.@l.P....#
#PP....PPP....
#PP.>.PPPPP...


#PP...PPPPPP## ##PPPPPPPPP## ########### You could see a komodo dragon.

Vanquished Creatures
  Pikel (D:5)
  An unseen horror (D:8)
  Maggie (D:8)
  2 wraiths (D:7)
  A steam dragon (D:8)
  A basilisk (D:8)
  Menkaure (D:6)
  5 water moccasins
  An ice beast (D:7)
  An ogre (D:4)
  A centaur (D:8)
  A phantom (D:6)
  A lemure (D:5)
  4 bullfrogs
  A gnoll sergeant (D:8)
  2 scorpions
  9 wights (D:7)
  2 jellies (D:7)
  4 hounds
  A gnoll bouda (D:8)
  3 orc priests (D:6)
  A sleepcap (D:7)
  3 iguanas
  6 orc wizards
  6 adders
  8 gnolls (D:8)
  2 white imps
  4 ufetubi (D:5)
  3 worms
  2 dart slugs
  13 orcs
  4 bats
  7 endoplasms
  2 giant cockroaches
  9 goblins
  8 hobgoblins
  2 jackals (D:2)
  9 kobolds
  4 quokkas
  7 ball pythons
  4 frilled lizards
  4 rats
152 creatures vanquished.

Vanquished Creatures (others)
  A human (D:4)
  An orc wizard (D:3)
2 creatures vanquished.

Grand Total: 154 creatures vanquished

Notes
Turn   | Place    | Note
-------+----------+-------------------------------------------
     0 | D:1      | wildpjah the Demonspawn Gladiator began the quest for the
                  | Orb.
     0 | D:1      | Reached XP level 1. HP: 16/16 MP: 1/1
   265 | D:1      | Gained mutation: Spells you cast may paralyse adjacent
                  | enemies. [demonic ancestry]
   265 | D:1      | Reached XP level 2. HP: 22/22 MP: 2/2
   772 | D:2      | Gained mutation: Your touch may inflict minor irresistible
                  | damage on your foes. [demonic ancestry]
   772 | D:2      | Reached XP level 3. HP: 27/27 MP: 3/3
  1163 | D:2      | Gained mutation: You are partially covered in yellow
                  | scales. (AC +2) [demonic ancestry]
  1163 | D:2      | Reached XP level 4. HP: 33/33 MP: 4/4
  1492 | D:3      | Identified the "Buhicsiggy"
  1492 | D:3      | Identified the "Mukearaf"
  1492 | D:3      | Identified the of Ixkes
  1513 | D:3      | Found a shimmering blue altar of Sif Muna.
  1531 | D:3      | Reached skill level 1 in Armour
  1535 | D:3      | Reached skill level 1 in Stealth
  1641 | D:3      | Found an opulent altar of Gozag.
  1720 | D:3      | Found a burning altar of Makhleb.
  1804 | D:3      | Found an iron altar of Okawaru.
  1805 | D:3      | Found a blossoming altar of Fedhas.
  1968 | D:3      | Reached skill level 1 in Short Blades
  1977 | D:3      | Gained mutation: Your demonic aura sometimes causes spilled
                  | blood to erupt in flames. [demonic ancestry]
  1977 | D:3      | Reached XP level 5. HP: 23/39 MP: 5/5
  2557 | D:4      | Found a staircase to the Ecumenical Temple.
  2570 | Temple   | Entered the Ecumenical Temple
  2718 | D:4      | You fall into a shaft and drop 3 floors!
  2729 | D:7      | Noticed a wraith
  2816 | D:7      | Noticed a water moccasin
  2844 | D:7      | Killed a water moccasin
  2845 | D:7      | Gained mutation: Spells you cast may paralyse nearby
                  | enemies. [demonic ancestry]
  2845 | D:7      | Reached XP level 6. HP: 26/46 MP: 6/6
  3125 | D:7      | Noticed an ice beast
  3138 | D:7      | Killed an ice beast
  3139 | D:7      | Reached XP level 7. HP: 40/52 MP: 7/7
  3286 | D:7      | Killed a wraith
  3443 | D:6      | Identified the +0 leather armour of Indecent Exposure {rF+}
  3519 | D:5      | Entered Level 5 of the Dungeon
  3549 | D:5      | HP: 3/78 [poisoned by a water moccasin]
  3747 | D:4      | Found an ancient bone altar of Kikubaaqudgha.
  3750 | D:4      | Noticed a human
  3751 | D:4      | Killed a human
  4153 | D:3      | Found a bloodstained altar of Trog.
  4158 | D:3      | Became a worshipper of Warmaster Okawaru
  4273 | D:4      | Gained mutation: Your touch may inflict irresistible damage
                  | on your foes. [demonic ancestry]
  4273 | D:4      | Reached XP level 8. HP: 23/58 MP: 8/8
  4820 | D:5      | Noticed Pikel
  4844 | D:5      | Killed Pikel
  4844 | D:5      | Reached * piety under Okawaru
  4845 | D:5      | Reached skill level 5 in Short Blades
  4981 | D:5      | Found Mabri's Lightly-Used Armoury.
  4989 | D:5      | Bought a -1 double sword for 120 gold pieces
  5121 | D:6      | Reached skill level 5 in Dodging
  5358 | D:6      | Noticed Menkaure
  5364 | D:6      | Killed Menkaure
  5364 | D:6      | Reached ** piety under Okawaru
  5365 | D:6      | Reached XP level 9. HP: 55/65 MP: 9/9
  5486 | D:6      | Found a hazy altar of Hepliaklqana.
  5707 | D:7      | Found a sacrificial altar of Ru.
  5942 | D:7      | Found a runed translucent gate.
  5944 | D:7      | Found a runed translucent gate.
  5944 | D:7      | Noticed a cyclops
  5945 | D:7      | Found a runed translucent gate.
  5946 | D:7      | Noticed wally255's ghost (novice MiFi)
  5949 | D:7      | Noticed a two-headed ogre
  5967 | D:7      | Reached skill level 5 in Fighting
  6006 | D:7      | Reached skill level 5 in Long Blades
  6416 | D:8      | Killed an unseen horror
  6416 | D:8      | Reached *** piety under Okawaru
  6533 | D:8      | Found a stormy altar of Qazlal.
  6574 | D:8      | Noticed Maggie
  6588 | D:8      | Killed Maggie
  6589 | D:8      | Reached skill level 5 in Stealth
  6589 | D:8      | Gained mutation: Your demonic aura often causes spilled
                  | blood to erupt in flames. [demonic ancestry]
  6589 | D:8      | Reached XP level 10. HP: 42/76 MP: 10/10
  6867 | D:8      | Found a shadowy altar of Dithmenos.
  6883 | D:8      | Found a staircase to the Lair.
  6905 | D:8      | Slain by a komodo dragon

Illustrated notes

Levels and vault maps discovered:
D:1:      onia_arrival_pyramid, layout_loops_ring, nicolae_figureground_sparkle
D:2:      layout_loops_ring, nicolae_figureground_pulse
D:3:      layout_basic, nicolae_sif_muna_little_library,
          nicolae_gozag_cash_rules_everything_around_me,
          nicolae_overflow_hidden_temple
D:4:      nicolae_cairo_tiling_very_big, layout_cave_pods, tgw_kikubaaqudgha,
          minmay_temple_entry_gardened_gates, amethyst_killhole,
          minmay_misc_feat_rows, nicolae_the_louvre
D:5:      layout_rooms, chequers_serial_rivers_micro_c, minmay_shop_damaged,
          uniq_pikel
D:6:      layout_layer_cave, mainiacjoe_overflow_concentric_impassable,
          uniq_menkaure
D:7:      layout_basic, hangedman_ru_absence, gammafunk_ghost_split
D:8:      layout_loops_corners, nicolae_qazlal_general_emergency,
          nicolae_dithmenos_through_a_glass_darkly, dancing_weapons_uskayaw,
          david_lair_shrubbed, minmay_statues_item, hangedman_decor_riveting,
          uniq_maggie
Temple:   nicolae_temple_ecumenical_triangle

Skill      XL: |  1  2  3  4  5  6  7  8  9 10 |
---------------+-------------------------------+-----
Long Blades    | 3 6 |  6.4
Dodging        | 3 4 5 6 |  6.2
Armour         | 1 2 3 4 |  4.7
Stealth        | 1 2 4 5 |  5.2
Short Blades   | 1 2 3 4 5 6 |  6.0
Fighting       | 3 4 5 6 |  6.0
Throwing       | 2 |  2.0

Action                     |  1- 3 |  4- 6 |  7- 9 | 10-12 || total
---------------------------+-------+-------+-------+-------++-------
  Melee: Long sword        |    75 |       |       |       ||    75
         Short sword       |    28 |   163 |   116 |       ||   307
         Double sword      |       |       |   109 |    29 ||   138
         Touch             |       |       |    27 |     8 ||    35
         Punch             |       |       |     2 |     2 ||     4
  Throw: Javelin           |       |     1 |       |       ||     1
         Throwing net      |       |       |       |     2 ||     2
    Use: Scroll            |       |     5 |     4 |       ||     9
         Potion            |       |       |     2 |       ||     2
   Stab: Sleeping          |     3 |     4 |     6 |     1 ||    14
         Distracted        |     1 |       |       |       ||     1
 Armour: Leather armour    |    65 |    94 |    22 |       ||   181
         Skin              |       |       |    14 |       ||    14
         Troll leather arm |       |       |   134 |    18 ||   152
  Dodge: Dodged            |    77 |   113 |   163 |    22 ||   375

Table legend: (Time is in decaauts)
 A = Elapsed time spent in this place.
 B = Non-inter-level travel time spent in this place.
 C = Inter-level travel time spent in this place.
 D = Time resting spent in this place.
 E = Time spent auto-exploring this place.
 F = Levels seen in this place.
 G = Mean time per level.
                   A        B        C        D        E       F      G
               +--------+--------+--------+--------+--------+-----+--------+
         Total |   7247 |   6960 |    287 |    440 |   5015 |   9 |  805.2 |
       Dungeon |   7157 |   6903 |    254 |    440 |   4962 |   8 |  894.6 |
        Temple |     89 |     56 |     33 |      0 |     53 |   1 |   89.0 |
               +--------+--------+--------+--------+--------+-----+--------+

Top non-repeatable levels by time:
     D:7: 1299 daAuts
     D:4: 1058 daAuts
     D:3: 1050 daAuts
     D:2: 879 daAuts
     D:6: 782 daAuts
     D:1: 761 daAuts
     D:5: 720 daAuts
     D:8: 605 daAuts
  Temple: 89 daAuts
